 Dungeon Crawl Stone Soup version 0.29.1-2-gbd0b4ee654 (webtiles) character file.

Game seed: 17565362984549986349

104 GorkyZ the Magician (level 4, 0/30 HPs)
             Began as a Demonspawn Hedge Wizard on Nov 23, 2022.
             Slain by an orc
             ... wielding a +0 flail
              (6 damage)
             ... on level 3 of the Dungeon.
             The game lasted 00:09:14 (3317 turns).

GorkyZ the Magician (Demonspawn Hedge Wizard)       Turns: 3317, Time: 00:09:14

Health: 0/30       AC:  2    Str: 10    XL:     4   Next: 52%
Magic:  3/9        EV: 13    Int: 17    God:
Gold:   115        SH:  0    Dex: 19    Spells: 8/9 levels left

rFire   + . .      SeeInvis .   a - +0 dagger
rCold   + . .      Faith    .   (no shield)
rNeg    . . .      Spirit   .   b - +0 robe
rPois   .          Reflect  .   c - +0 hat
rElec   .          Harm     .   r - scarf {rC+ rF+}
rCorr   .          Rampage  .   (no gloves)
Will    .....                   (no boots)
Stlth   ++........              (no amulet)
HPRegen 0.10/turn               p - +6 ring of dexterity
MPRegen 0.11/turn               (no ring)

@: no status effects
A: antennae 1, foul stench 1
a: no special abilities


You were on level 3 of the Dungeon.
You visited 1 branch of the dungeon, and saw 3 of its levels.

You collected 115 gold pieces.

Inventory:

Hand Weapons
 a - a +0 dagger (weapon)
Armour
 b - a +0 robe (worn)
 c - a +0 hat (worn)
 e - a +0 pair of gloves
 r - a scarf of resistance (worn)
Jewellery
 h - a ring of fire
 i - an amulet of reflection
 n - an amulet of faith
 p - a +6 ring of dexterity (left hand)
Scrolls
 k - 3 scrolls of identify {unknown}
 l - a scroll of teleportation {unknown}
 s - a scroll of summoning {unknown}
 t - 2 scrolls of fear {unknown}
Potions
 d - a potion of magic
 f - 2 potions of degeneration {unknown}
 g - a potion of curing {unknown}
 j - a potion of lignification {unknown}
 m - a potion of might {unknown}
 o - a potion of flight {unknown}
 q - 2 potions of heal wounds {unknown}


   Skills:
 + Level 2.4 Dodging
 - Level 2.1 Stealth
 + Level 3.4 Spellcasting
 + Level 2.0 Conjurations
 + Level 2.0 Summonings
 + Level 1.7 Translocations


You had 8 spell levels left.
You knew the following spells:

 Your Spells              Type           Power      Damage    Failure   Level
a - Magic Dart            Conj           36%        1d4       8%          1

Your spell library contained the following spells:

 Spells                   Type           Power      Damage    Failure   Level
 Call Imp                 Summ           9%         N/A       11%         2
 Blink                    Tloc           16%        N/A       12%         2
 Slow                     Hex            8%         N/A       17%         1
 Ensorcelled Hibernation  Hex/Ice        4%         N/A       26%         2
 Conjure Flame            Conj/Fire      6%         6-21      32%         3
 Mephitic Cloud           Conj/Pois/Air  5%         N/A       36%         3
 Spider Form              Tmut/Pois      2%         N/A       45%         3
 Anguish                  Hex/Necr       1%         N/A       86%         4


Dungeon Overview and Level Annotations

Branches:
Dungeon (3/15)

Altars:


Innate Abilities, Weirdness & Mutations

You have a pair of small antennae on your head.
You may rarely emit foul miasma when damaged in melee.


Message History

You are out of magic!
You closely miss the orc.
The orc is almost dead.
The orc closely misses you.
You hit the orc.
You kill the orc!
You closely miss the orc. The orc hits you with a +0 morningstar.
You emit a cloud of foul miasma!
You hit the orc but do no damage.
The orc is engulfed in dark miasma.
The orc is poisoned.
The orc seems to slow down.
The orc hits you with a +0 morningstar!
The orc is engulfed in dark miasma.
The orc looks even sicker.
You kill the orc!
You see here 4 stones.
You are too injured to fight recklessly!
Aiming: Magic Dart (safe; 8% risk of failure)
Press: ? - help, Q - select action Shift-Dir - straight line, f - orc
Aim: an orc, wielding a +0 flail and wearing a +0 leather armour (100% to hit)
The magic dart hits something.
Aiming: Magic Dart (safe; 8% risk of failure)
Press: ? - help, Q - select action Shift-Dir - straight line, f/p - orc
Aim: an orc, wielding a +0 flail and wearing a +0 leather armour (100% to hit)
The magic dart hits something.
You miss something. Something barely misses you.
You miss something. Something hits you.
You emit a cloud of foul miasma!
The orc hits you with a +0 flail.
* * * LOW HITPOINT WARNING * * *
Something hits you.
* * * LOW HITPOINT WARNING * * *
The orc attacks as you move away! The orc hits you but does no damage.
An orc wizard appears from thin air!
Reactivating autopickup.
The orc attacks as you move away! The orc barely misses you.
You feel a bit more experienced.
Your Conjurations skill increases to level 2!
Your Summonings skill increases to level 2!
The orc completely misses you. The orc attacks as you move away!
The orc closely misses you. The orc hits you with a +0 flail.
You die...

#.....# ### #o#
#######.#####
####.#
#...........#
#{))..
#.#.#####.###<#
#o##..
........#.# #.#
...####
..........# #.#
#.#..#
#.#.###.### #.#
# #..#
#o#####... #$..
#.@......# ####
######.... ..##


You could see an orc.

Vanquished Creatures
  2 orc wizards (D:3)
  4 dart slugs
  2 orcs (D:3)
  6 ball pythons
  4 endoplasms
  A giant cockroach (D:1)
  4 hobgoblins
  7 jackals (D:2)
  2 quokkas
  2 bats (D:2)
  A frilled lizard (D:1)
  5 kobolds
  A rat (D:1)
41 creatures vanquished.

Notes
Turn   | Place    | Note
-------+----------+-------------------------------------------
     0 | D:1      | GorkyZ the Demonspawn Hedge Wizard began the quest for the
                  | Orb.
     0 | D:1      | Reached XP level 1. HP: 13/13 MP: 4/4
   348 | D:1      | Reached skill level 1 in Translocations
   525 | D:1      | Gained mutation: You have a pair of small antennae on your
                  | head. [demonic ancestry]
   525 | D:1      | Reached XP level 2. HP: 19/19 MP: 0/6
  1025 | D:1      | Found a faded altar of an unknown god.
  1890 | D:2      | Gained mutation: You may rarely emit foul miasma when
                  | damaged in melee. [demonic ancestry]
  1890 | D:2      | Reached XP level 3. HP: 21/24 MP: 0/7
  3267 | D:3      | Reached XP level 4. HP: 25/30 MP: 5/9
  3317 | D:3      | Slain by an orc

Illustrated notes

Levels and vault maps discovered:
D:1:      ebering_hopf_link, layout_loops_corners,
          hellmonk_ecumenical_altar_crossroads, moated_statue,
          minmay_pentomino_o2
D:2:      layout_loops_cross
D:3:      layout_loops_ring, serial_rivers, chequers_serial_rivers_small_a,
          chequers_serial_rivers_room_a, chequers_serial_rivers_small_a,
          chequers_serial_rivers_room_b, uniq_grinder

Skill      XL: |  1  2  3  4 |
---------------+-------------+-----
Translocations | 1 |  1.7
Stealth        | 2 |  2.1
Dodging        | 2 |  2.4
Conjurations   | 2 |  2.0
Summonings     | 2 |  2.0
Spellcasting   | |  3.4

Action                   |  1- 3 |  4- 6 || total
-------------------------+-------+-------++-------
Melee: Dagger            |    50 |     9 ||    59
       Punch             |     1 |       ||     1
 Cast: Magic Dart        |    91 |     7 ||    98
Armor: Robe              |    13 |     2 ||    15
Dodge: Dodged            |    46 |     9 ||    55
